WCHLSIM.com - West Coast Hockey League
html PUBLIC "-//W3C//DTD XHTML 1.0 Transitional//EN" "http://www.w3.org/TR/xhtml1/DTD/xhtml1-transitional.dtd"> WCHL - Game 928 - WINNIPEG BEAVERS vs KANSAS CITY KILLERBEES

WINNIPEG BEAVERS vs KANSAS CITY KILLERBEES

Created - 29 février 2020 at 11:36

Goals
1 2 3 T
WINNIPEG BEAVERS 3 0 0 3
KANSAS CITY KILLERBEES 0 2 0 2
Shots
1 2 3 T
WINNIPEG BEAVERS 10 5 7 22
KANSAS CITY KILLERBEES 9 8 10 27

1st period

1. WINNIPEG BEAVERS , Zach Bogosian 5 (Dylan DeMelo 6, Travis Zajac 21) at 1:33 (PP)
2. WINNIPEG BEAVERS , Travis Zajac 15 (Trevor Daley 5) at 6:39
3. WINNIPEG BEAVERS , Travis Zajac 16 (Gustav Nyquist 43, David Krejci 52) at 8:56 (PP)

Penalties :
Colin Miller (KCK) for Roughing (Minor) at 0:59, Marcus Foligno (KCK) for Holding (Minor) at 7:22, Vladislav Gavrikov (KCK) for Boarding (Minor) at 11:19

2nd period

4. KANSAS CITY KILLERBEES , Colton Sissons 9 (Marcus Foligno 15, Andreas Athanasiou 26) at 0:16
5. KANSAS CITY KILLERBEES , Jacob Muzzin 3 (Andreas Athanasiou 27, Tyler Ennis 11) at 7:15 (PP)

Penalties :
Vladislav Gavrikov (KCK) for Interference (Minor) at 0:37, Mark Stone (KCK) for Hooking (Minor) at 3:01, Dylan DeMelo (WIN) for Boarding (Minor) at 6:11, Jared Spurgeon (KCK) for Hooking (Minor) at 8:22, Mark Pysyk (KCK) for Hooking (Minor) at 10:44, Marcus Foligno (KCK) for Hooking (Minor) at 16:32, Troy Brouwer (WIN) for Hooking (Minor) at 18:45

3rd period

No Goal

Penalties :
Sean Couturier (KCK) for Holding (Minor) at 2:36, Cam Fowler (KCK) for Holding (Minor) at 15:54

Goalie Stats

Sergei Bobrovsky (WIN), 25 saves from 27 shots - (0,926), W, 32-15-3, 60:00 minutes
John Gibson (KCK), 19 saves from 22 shots - (0,864), L, 29-16-6, 59:41 minutes

Players Stats for WINNIPEG BEAVERS

Player Name              G  A  P  +/- PIM S  H  SB GA TA FO     MP     PP MP  PK MP  
------------------------------------------------------------------------------------
Brad Marchand            0  0  0   0  0   2  0  0  0  0  2/2    20:29   9:16   0:00 
David Backes             0  0  0   1  0   1  0  0  0  0  0/0    10:10   0:46   0:58 
David Krejci             0  1  1   0  0   3  0  1  0  0  13/18  20:13   9:00   0:00 
Dylan DeMelo             0  1  1   1  2   1  4  0  0  0  0/0    18:49   8:14   0:00 
Gustav Nyquist           0  1  1   0  0   0  0  0  0  0  0/1    18:18   7:58   0:00 
Ilya Kovalchuk           0  0  0  -1  0   1  2  0  0  0  1/1    20:13   8:44   1:35 
Justin Braun             0  0  0  -1  0   0  2  1  0  0  0/0    16:32   0:00   1:07 
Kris Russell             0  0  0   0  0   0  2  3  0  0  0/0    15:45   0:00   1:56 
Matt Cullen              0  0  0   0  0   0  0  0  0  0  4/7    10:22   0:00   0:58 
Mika Zibanejad           0  0  0  -1  0   1  1  0  0  0  14/26  19:10   9:16   0:00 
Mike Green               0  0  0  -1  0   1  1  2  0  0  0/0    24:50   9:11   1:07 
Nick Seeler              0  0  0   0  0   0  0  0  0  0  0/0     9:24   0:00   0:00 
Pontus Aberg             0  0  0   0  0   0  0  0  0  0  0/0     9:24   0:00   0:00 
Reyley Smith             0  0  0  -1  0   4  0  0  0  0  0/1    20:03   9:16   0:00 
Travis Zajac             2  1  3   1  0   5  0  0  0  0  21/32  19:15   8:44   2:05 
Trevor Daley             0  1  1   1  0   0  0  0  0  0  0/0    10:43   0:07   0:00 
Troy Brouwer             0  0  0   1  2   1  0  0  0  0  0/1     8:55   0:00   0:30 
Zach Bogosian            1  0  1   0  0   2  0  1  0  0  0/0    24:20   9:28   1:56 

Players Stats for KANSAS CITY KILLERBEES

Player Name              G  A  P  +/- PIM S  H  SB GA TA FO     MP     PP MP  PK MP  
------------------------------------------------------------------------------------
Alexander DeBrincat      0  0  0   0  0   1  0  0  0  0  1/2    15:17   1:53   1:07 
Andreas Athanasiou       0  2  2   1  0   1  0  0  0  0  0/1    12:26   1:10   0:00 
Artturi Lehkonen         0  0  0  -1  0   3  1  1  0  0  0/2    21:10   0:00   9:29 
Brandon Tanev            0  0  0   0  0   1  0  0  0  0  0/0     3:43   0:00   0:00 
Brian Boyle              0  0  0  -1  0   0  0  0  0  0  11/26  21:41   0:00  10:00 
Cam Fowler               0  0  0   0  2   1  1  1  0  0  0/0    24:17   1:28   8:54 
Colin Miller             0  0  0   0  2   1  2  0  0  0  0/0    16:40   1:35   2:23 
Colton Sissons           1  0  1   1  0   1  0  0  0  0  10/32  19:54   1:10   7:28 
Jacob Muzzin             1  0  1   0  0   2  2  3  0  0  0/0    24:18   1:28   9:43 
Jared Spurgeon           0  0  0   0  2   4  1  2  0  0  0/0    23:39   1:35   8:20 
Marcus Foligno           0  1  1   1  4   3  2  0  0  0  0/1    17:05   0:00   5:51 
Mark Pysyk               0  0  0   0  2   0  2  0  0  0  0/0    17:38   0:00   6:23 
Mark Stone               0  0  0   0  2   4  1  0  0  0  0/1    14:09   1:53   0:00 
Ryan Kesler              0  0  0   0  0   0  0  0  0  0  3/8     5:40   0:00   1:57 
Sean Couturier           0  0  0   0  2   3  1  0  0  0  9/14   14:17   1:53   0:08 
Tyler Ennis              0  1  1   0  0   2  1  0  0  0  0/1     4:53   1:10   0:00 
Vladislav Gavrikov       0  0  0   0  4   0  2  0  0  0  0/0    13:22   0:00   0:17 
Zach Hyman               0  0  0  -1  0   0  0  0  0  0  0/1    11:41   0:00   0:00 

3 Stars

1 - Travis Zajac (WIN)
2 - Jacob Muzzin (KCK)
3 - Colton Sissons (KCK)

Power Play

WINNIPEG BEAVERS - 2 on 10 Attempt(s) - 20,00%
KANSAS CITY KILLERBEES - 1 on 2 Attempt(s) - 50,00%

Penalty Kill

WINNIPEG BEAVERS - 1 on 2 Attempt(s) - 50,00% - Score 0 goal in Penalty Kill
KANSAS CITY KILLERBEES - 8 on 10 Attempt(s) - 80,00% - Score 0 goal in Penalty Kill

Team Stat

WINNIPEG BEAVERS - Hits : 12 - Faceoff Wins : 55 - Blocked Shots : 8 - Penalty Minutes : 4
KANSAS CITY KILLERBEES - Hits : 16 - Faceoff Wins : 34 - Blocked Shots : 7 - Penalty Minutes : 20

Official

Referees : Peter MacDougall and Darcy Burchell
Linesman : Brian Lambert and Kevin Redding

Game Notes

No Game Note

Finance

Level 1 -- Attendance: 6500 (100,00%) -- Ticket Income 682 500 $
Level 2 -- Attendance: 5300 (100,00%) -- Ticket Income 339 200 $
Level 3 -- Attendance: 2500 (100,00%) -- Ticket Income 97 500 $
Level 4 -- Attendance: 4200 (100,00%) -- Ticket Income 117 600 $
Luxury Box -- Attendance: 1020 (100,00%) -- Ticket Income 206 040 $
Game was played at the Missouri Beehive Complex.
Total Attendance: 19520 (100,00%)
Total Ticket Income: 1 442 840 $
Other Income: 432 852 $
Total Income: 1 875 692 $

WINNIPEG BEAVERS

5 vs 5 Forward 
   Center                   Left Wing                Right Wing               Time % Phy DF OF 
 1 David Krejci             Brad Marchand            Gustav Nyquist           31     0   2  3  
 2 Mika Zibanejad           Ilya Kovalchuk           Reyley Smith             31     0   2  3  
 3 Travis Zajac             Troy Brouwer             David Backes             28     1   3  1  
 4 Matt Cullen              Nick Seeler              Pontus Aberg             10     0   4  1  

5 vs 5 Defense 
   Defense                  Defense                                           Time % Phy DF OF 
 1 Zach Bogosian            Kris Russell                                      32     0   3  2  
 2 Justin Braun             Mike Green                                        32     1   3  1  
 3 Trevor Daley             Dylan DeMelo                                      27     1   3  1  
 4 Mike Green               Justin Braun                                      9      1   4  0  

PowerPlay Forward 
   Center                   Left Wing                Right Wing               Time % Phy DF OF 
 1 Mika Zibanejad           Brad Marchand            Reyley Smith             52     0   0  5  
 2 Travis Zajac             Ilya Kovalchuk           Gustav Nyquist           48     0   1  4  

PowerPlay Defense
   Defense                  Defense                                           Time % Phy DF OF 
 1 David Krejci             Mike Green                                        52     0   0  5  
 2 Zach Bogosian            Dylan DeMelo                                      48     0   1  4  

Penalty Kill 4 Players Forward 
   Center                   Wing                     Time % Phy DF OF 
 1 Travis Zajac             Troy Brouwer             52     1   3  1  
 2 David Backes             Matt Cullen              48     1   4  0  

Penalty Kill 4 Players Defense
   Defense                  Defense                  Time % Phy DF OF 
 1 Zach Bogosian            Kris Russell             50     1   4  0  
 2 Justin Braun             Mike Green               50     1   4  0  

Penalty Kill - 3 Players Forward 
   Forward                                           Time % Phy DF OF 
 1 Travis Zajac                                      55     1   2  2  
 2 David Backes                                      45     1   2  2  

Penalty Kill - 3 Players Defense
   Defense                  Defense                  Time % Phy DF OF 
 1 Zach Bogosian            Kris Russell             55     1   2  2  
 2 Justin Braun             Mike Green               45     1   2  2  

4 vs 4 Forward 
   Center                   Wing                     Time % Phy DF OF 
 1 David Krejci             Brad Marchand            51     1   2  2  
 2 Travis Zajac             Reyley Smith             49     1   2  2  

4 vs 4 Defense
   Defense                  Defense                  Time % Phy DF OF 
 1 Mike Green               Kris Russell             51     1   2  2  
 2 Justin Braun             Nick Seeler              49     1   2  2  

Last Minutes Offensive
   Center                   Left Wing                Right Wing               Defense                  Defense                  
   Mika Zibanejad           Brad Marchand            Reyley Smith             Mike Green               Kris Russell             

Last Minutes Defensive
   Center                   Left Wing                Right Wing               Defense                  Defense                  
   David Krejci             Brad Marchand            Reyley Smith             Justin Braun             Kris Russell             

Goaltenders
Starting : Sergei Bobrovsky         
Backup : Linus Ullmark            

Extra Forwards
Normal : Mika Zibanejad, Brad Marchand, Reyley Smith - PP : David Krejci, Brad Marchand - PK : Troy Brouwer
Extra Defensemen
Normal : Mike Green, Zach Bogosian, Justin Braun - PP : Mike Green - PK : Nick Seeler, Justin Braun
Penalty Shots
Brad Marchand, Mika Zibanejad, David Krejci, Reyley Smith, Gustav Nyquist
Custom OT Lines Forwards
Brad Marchand, Mika Zibanejad, David Krejci, Reyley Smith, Ilya Kovalchuk, Gustav Nyquist, Troy Brouwer, David Backes, Travis Zajac, Matt Cullen
Custom OT Lines Defensemen
Mike Green, Kris Russell, Justin Braun, Zach Bogosian, Trevor Daley

Scratches
Dominik Shine (Healthy), Griffin Reinhart (Healthy), Kevan Miller (Left Ankle Injury), Liam O'Brien (Healthy), Kale Kessy (Healthy)
Olivier Archambault (Healthy)

KANSAS CITY KILLERBEES

5 vs 5 Forward 
   Center                   Left Wing                Right Wing               Time % Phy DF OF 
 1 Sean Couturier           Alexander DeBrincat      Mark Stone               31     1   2  2  
 2 Colton Sissons           Marcus Foligno           Andreas Athanasiou       31     1   2  2  
 3 Brian Boyle              Artturi Lehkonen         Zach Hyman               30     1   2  2  
 4 Ryan Kesler              Brandon Tanev            Tyler Ennis              8      1   2  2  

5 vs 5 Defense 
   Defense                  Defense                                           Time % Phy DF OF 
 1 Jared Spurgeon           Jacob Muzzin                                      36     1   2  2  
 2 Cam Fowler               Vladislav Gavrikov                                35     1   2  2  
 3 Mark Pysyk               Colin Miller                                      28     1   2  2  
 4 Cam Fowler               Colin Miller                                      1      1   2  2  

PowerPlay Forward 
   Center                   Left Wing                Right Wing               Time % Phy DF OF 
 1 Sean Couturier           Alexander DeBrincat      Mark Stone               55     1   2  2  
 2 Colton Sissons           Tyler Ennis              Andreas Athanasiou       45     1   2  2  

PowerPlay Defense
   Defense                  Defense                                           Time % Phy DF OF 
 1 Colin Miller             Jared Spurgeon                                    50     1   2  2  
 2 Cam Fowler               Jacob Muzzin                                      50     1   2  2  

Penalty Kill 4 Players Forward 
   Center                   Wing                     Time % Phy DF OF 
 1 Brian Boyle              Artturi Lehkonen         55     1   2  2  
 2 Colton Sissons           Marcus Foligno           45     1   2  2  

Penalty Kill 4 Players Defense
   Defense                  Defense                  Time % Phy DF OF 
 1 Jacob Muzzin             Mark Pysyk               50     1   2  2  
 2 Jared Spurgeon           Cam Fowler               50     1   2  2  

Penalty Kill - 3 Players Forward 
   Forward                                           Time % Phy DF OF 
 1 Brian Boyle                                       55     1   2  2  
 2 Colton Sissons                                    45     1   2  2  

Penalty Kill - 3 Players Defense
   Defense                  Defense                  Time % Phy DF OF 
 1 Colin Miller             Mark Pysyk               50     1   2  2  
 2 Jacob Muzzin             Cam Fowler               50     1   2  2  

4 vs 4 Forward 
   Center                   Wing                     Time % Phy DF OF 
 1 Sean Couturier           Mark Stone               55     1   2  2  
 2 Colton Sissons           Alexander DeBrincat      45     1   2  2  

4 vs 4 Defense
   Defense                  Defense                  Time % Phy DF OF 
 1 Jacob Muzzin             Jared Spurgeon           50     1   2  2  
 2 Colin Miller             Cam Fowler               50     1   2  2  

Last Minutes Offensive
   Center                   Left Wing                Right Wing               Defense                  Defense                  
   Sean Couturier           Alexander DeBrincat      Mark Stone               Colin Miller             Jared Spurgeon           

Last Minutes Defensive
   Center                   Left Wing                Right Wing               Defense                  Defense                  
   Sean Couturier           Marcus Foligno           Mark Stone               Jacob Muzzin             Jared Spurgeon           

Goaltenders
Starting : John Gibson              
Backup : Jonathan Bernier         

Extra Forwards
Normal : Sean Couturier, Mark Stone, Alexander DeBrincat - PP : Mark Stone, Alexander DeBrincat - PK : Marcus Foligno
Extra Defensemen
Normal : Jared Spurgeon, Jacob Muzzin, Cam Fowler - PP : Colin Miller - PK : Jacob Muzzin, Colin Miller
Penalty Shots
Andreas Athanasiou, Alexander DeBrincat, Mark Stone, Sean Couturier, Zach Hyman
Custom OT Lines Forwards
Sean Couturier, Mark Stone, Andreas Athanasiou, Alexander DeBrincat, Zach Hyman, Marcus Foligno, Artturi Lehkonen, Brandon Tanev, Colton Sissons, Brian Boyle
Custom OT Lines Defensemen
Jared Spurgeon, Jacob Muzzin, Cam Fowler, Colin Miller, Mark Pysyk

Scratches
Mattias Janmark (Healthy), Hunter Shinkaruk (Healthy), Paul Stastny (Bruised Right Arm Injury), Joseph LaBate (Healthy), Nikita Korostelev (Healthy)
Eric Cornel (Healthy), Hunter Warner (Healthy), Jacob de la Rose (Healthy), Jan Rutta (Healthy), Peter Cehlarik (Healthy)
Reece Scarlett (Healthy), Steven Spinner (Healthy)

% Time on Ice - WINNIPEG BEAVERS

Lines # - Real PCT - Wanted PCT - Time Play
Normal Forward
1 - 27% - 31% - 10:20
2 - 26% - 31% - 9:54
3 - 22% - 28% - 8:26
4 - 25% - 10% - 9:24
Normal Defense
1 - 34% - 32% - 12:56
2 - 36% - 32% - 13:43
3 - 28% - 27% - 10:36
4 - 2% - 9% - 0:49
PP Forward
1 - 51% - 52% - 9:16
2 - 49% - 48% - 8:44
PP Defense
1 - 54% - 52% - 9:46
2 - 46% - 48% - 8:14
PK Forward
1 - 68% - 52% - 2:05
2 - 32% - 48% - 0:58
PK Defense
1 - 63% - 50% - 1:56
2 - 37% - 50% - 1:07
PK3 Forward
1 - 0% - 55%
2 - 0% - 45%
PK3 Defense
1 - 0% - 55%
2 - 0% - 45%
44 Forward
1 - 0% - 51%
2 - 0% - 49%
44 Defense
1 - 0% - 51%
2 - 0% - 49%
Last Minute Offensive  - 0:00
Last Minute Defensive  - 0:53
Total
Forward - 60:00
Defense - 60:00

% Time on Ice - KANSAS CITY KILLERBEES

Lines # - Real PCT - Wanted PCT - Time Play
Normal Forward
1 - 30% - 31% - 11:39
2 - 29% - 31% - 11:16
3 - 30% - 30% - 11:41
4 - 10% - 8% - 3:43
Normal Defense
1 - 34% - 36% - 13:07
2 - 34% - 35% - 13:07
3 - 29% - 28% - 11:16
4 - 2% - 1% - 0:49
PP Forward
1 - 62% - 55% - 1:53
2 - 38% - 45% - 1:10
PP Defense
1 - 52% - 50% - 1:35
2 - 48% - 50% - 1:28
PK Forward
1 - 53% - 55% - 9:28
2 - 47% - 45% - 8:32
PK Defense
1 - 43% - 50% - 7:45
2 - 57% - 50% - 10:15
PK3 Forward
1 - 0% - 55%
2 - 0% - 45%
PK3 Defense
1 - 0% - 50%
2 - 0% - 50%
44 Forward
1 - 0% - 55%
2 - 0% - 45%
44 Defense
1 - 0% - 50%
2 - 0% - 50%
Last Minute Offensive  - 0:38
Last Minute Defensive  - 0:00
Total
Forward - 60:00
Defense - 60:00

Play-by-Play

1st period


0:01 of 1st period - David Krejci wins face-off versus Sean Couturier in neutral zone.
0:11 of 1st period - Shot by Sean Couturier.
0:11 of 1st period - Stopped by Sergei Bobrovsky without a rebound.
0:12 of 1st period - Mika Zibanejad wins face-off versus Colton Sissons in WINNIPEG BEAVERS zone.
0:12 of 1st period - Reyley Smith is hit by Marcus Foligno.
0:18 of 1st period - Marcus Foligno is hit by Ilya Kovalchuk and loses puck.
0:47 of 1st period - Shot by Mika Zibanejad.
0:47 of 1st period - Stopped by John Gibson without a rebound.
0:48 of 1st period - Travis Zajac wins face-off versus Brian Boyle in KANSAS CITY KILLERBEES zone.
0:58 of 1st period - Trevor Daley is hit by Mark Pysyk and loses puck.
0:59 of 1st period - Minor Penalty to Colin Miller for Roughing.
1:00 of 1st period - Travis Zajac wins face-off versus Brian Boyle in KANSAS CITY KILLERBEES zone.
1:15 of 1st period - Shot by Travis Zajac.
1:15 of 1st period - Shot Misses the Net.
1:27 of 1st period - Shot by Travis Zajac.
1:27 of 1st period - Stopped by John Gibson with a rebound.
1:29 of 1st period - Shot by Zach Bogosian.
1:29 of 1st period - Shot Misses the Net.
1:31 of 1st period - Shot by Dylan DeMelo.
1:31 of 1st period - Stopped by John Gibson with a rebound.
1:33 of 1st period - Shot by Zach Bogosian.
1:33 of 1st period - Goal by Zach Bogosian - WINNIPEG BEAVERS : 1 - KANSAS CITY KILLERBEES : 0.
1:34 of 1st period - Matt Cullen wins face-off versus Sean Couturier in neutral zone.
1:45 of 1st period - Shot by Matt Cullen.
1:45 of 1st period - Shot Misses the Net.
2:22 of 1st period - Off-side.
2:23 of 1st period - Brian Boyle wins face-off versus David Krejci in neutral zone.
3:50 of 1st period - Off-side.
3:51 of 1st period - Ryan Kesler wins face-off versus Mika Zibanejad in neutral zone.
4:03 of 1st period - Shot by Tyler Ennis.
4:03 of 1st period - Stopped by Sergei Bobrovsky without a rebound.
4:04 of 1st period - Sean Couturier wins face-off versus Matt Cullen in WINNIPEG BEAVERS zone.
6:39 of 1st period - Shot by Travis Zajac.
6:39 of 1st period - Goal by Travis Zajac - WINNIPEG BEAVERS : 2 - KANSAS CITY KILLERBEES : 0.
6:40 of 1st period - David Krejci wins face-off versus Ryan Kesler in neutral zone.
7:12 of 1st period - Shot by Brandon Tanev.
7:12 of 1st period - Shot Blocked by Mike Green.
7:14 of 1st period - Shot by Brandon Tanev.
7:14 of 1st period - Stopped by Sergei Bobrovsky without a rebound.
7:15 of 1st period - Colton Sissons wins face-off versus Mika Zibanejad in WINNIPEG BEAVERS zone.
7:15 of 1st period - Colton Sissons is hit by Kris Russell.
7:22 of 1st period - Minor Penalty to Marcus Foligno for Holding.
7:23 of 1st period - Mika Zibanejad wins face-off versus Colton Sissons in KANSAS CITY KILLERBEES zone.
7:32 of 1st period - Shot by Brad Marchand.
7:32 of 1st period - Shot Blocked by Jared Spurgeon.
8:17 of 1st period - Off-side.
8:18 of 1st period - Travis Zajac wins face-off versus Artturi Lehkonen in neutral zone.
8:23 of 1st period - Shot by Ilya Kovalchuk.
8:23 of 1st period - Shot Misses the Net.
8:25 of 1st period - Shot by Mike Green.
8:25 of 1st period - Shot Misses the Net.
8:27 of 1st period - Shot by Travis Zajac.
8:27 of 1st period - Deflect By Gustav Nyquist.
8:27 of 1st period - Shot Misses the Net.
8:39 of 1st period - Shot by David Krejci.
8:39 of 1st period - Stopped by John Gibson without a rebound.
8:40 of 1st period - Travis Zajac wins face-off versus Brian Boyle in KANSAS CITY KILLERBEES zone.
8:56 of 1st period - Shot by Travis Zajac.
8:56 of 1st period - Goal by Travis Zajac - WINNIPEG BEAVERS : 3 - KANSAS CITY KILLERBEES : 0.
8:57 of 1st period - Matt Cullen wins face-off versus Sean Couturier in neutral zone.
9:36 of 1st period - Icing by Zach Bogosian.
9:37 of 1st period - Colton Sissons wins face-off versus Matt Cullen in WINNIPEG BEAVERS zone.
9:44 of 1st period - Shot by Marcus Foligno.
9:44 of 1st period - Deflect By Andreas Athanasiou.
9:44 of 1st period - Stopped by Sergei Bobrovsky without a rebound.
9:45 of 1st period - Brad Marchand wins face-off versus Colton Sissons in WINNIPEG BEAVERS zone.
9:47 of 1st period - Icing by David Krejci.
9:48 of 1st period - Colton Sissons wins face-off versus David Krejci in WINNIPEG BEAVERS zone.
9:48 of 1st period - Marcus Foligno is hit by Dylan DeMelo and loses puck.
9:53 of 1st period - Shot by Marcus Foligno.
9:53 of 1st period - Shot Misses the Net.
11:13 of 1st period - Reyley Smith is hit by Vladislav Gavrikov and loses puck.
11:16 of 1st period - Shot by Reyley Smith.
11:16 of 1st period - Shot Misses the Net.
11:19 of 1st period - Minor Penalty to Vladislav Gavrikov for Boarding.
11:20 of 1st period - Brian Boyle wins face-off versus Travis Zajac in KANSAS CITY KILLERBEES zone.
12:33 of 1st period - Shot by Reyley Smith.
12:33 of 1st period - Stopped by John Gibson without a rebound.
12:34 of 1st period - Travis Zajac wins face-off versus Marcus Foligno in KANSAS CITY KILLERBEES zone.
13:38 of 1st period - Shot by Sean Couturier.
13:38 of 1st period - Shot Misses the Net.
13:40 of 1st period - Shot by Alexander DeBrincat.
13:40 of 1st period - Stopped by Sergei Bobrovsky with a rebound.
13:42 of 1st period - Shot by Mark Stone.
13:42 of 1st period - Stopped by Sergei Bobrovsky without a rebound.
13:43 of 1st period - Travis Zajac wins face-off versus Ryan Kesler in WINNIPEG BEAVERS zone.
13:53 of 1st period - Icing by Tyler Ennis.
13:54 of 1st period - Matt Cullen wins face-off versus Ryan Kesler in KANSAS CITY KILLERBEES zone.
14:30 of 1st period - Shot by Ryan Kesler.
14:30 of 1st period - Shot Misses the Net.
15:00 of 1st period - Reyley Smith is hit by Jared Spurgeon and loses puck.
15:19 of 1st period - Shot by Reyley Smith.
15:19 of 1st period - Stopped by John Gibson without a rebound.
15:20 of 1st period - Sean Couturier wins face-off versus Travis Zajac in KANSAS CITY KILLERBEES zone.
15:45 of 1st period - Shot by David Backes.
15:45 of 1st period - Stopped by John Gibson without a rebound.
15:46 of 1st period - David Krejci wins face-off versus Colton Sissons in KANSAS CITY KILLERBEES zone.
16:33 of 1st period - Marcus Foligno is hit by Dylan DeMelo and loses puck.
16:41 of 1st period - Icing by Brad Marchand.
16:42 of 1st period - Sean Couturier wins face-off versus David Krejci in WINNIPEG BEAVERS zone.
17:01 of 1st period - Shot by Mark Stone.
17:01 of 1st period - Shot Misses the Net.
18:06 of 1st period - Shot by Artturi Lehkonen.
18:06 of 1st period - Stopped by Sergei Bobrovsky without a rebound.
18:07 of 1st period - Colton Sissons wins face-off versus Mika Zibanejad in WINNIPEG BEAVERS zone.
18:26 of 1st period - Shot by Marcus Foligno.
18:26 of 1st period - Stopped by Sergei Bobrovsky without a rebound.
18:27 of 1st period - Brian Boyle wins face-off versus Matt Cullen in WINNIPEG BEAVERS zone.
18:27 of 1st period - Artturi Lehkonen is hit by Mike Green.
18:55 of 1st period - Artturi Lehkonen is hit by Justin Braun and loses puck.
19:02 of 1st period - Shot by Justin Braun.
19:02 of 1st period - Shot Misses the Net.
19:11 of 1st period - Off-side.
19:12 of 1st period - Colton Sissons wins face-off versus Mika Zibanejad in neutral zone.
19:12 of 1st period - Colton Sissons is hit by Mika Zibanejad.
19:20 of 1st period - Shot by Marcus Foligno.
19:20 of 1st period - Shot Misses the Net.
19:22 of 1st period - Shot by Jared Spurgeon.
19:22 of 1st period - Stopped by Sergei Bobrovsky without a rebound.
19:23 of 1st period - Alexander DeBrincat wins face-off versus Travis Zajac in WINNIPEG BEAVERS zone.
19:28 of 1st period - Shot by Sean Couturier.
19:28 of 1st period - Shot Misses the Net.
Goals for this period are 3 for WINNIPEG BEAVERS vs 0 for KANSAS CITY KILLERBEES.
Shots for this period are 10 for WINNIPEG BEAVERS vs 9 for KANSAS CITY KILLERBEES.

2nd period


0:01 of 2nd period - Colton Sissons wins face-off versus Mika Zibanejad in neutral zone.
0:05 of 2nd period - Andreas Athanasiou is hit by Justin Braun and loses puck.
0:14 of 2nd period - Shot by Marcus Foligno.
0:14 of 2nd period - Shot Misses the Net.
0:16 of 2nd period - Shot by Marcus Foligno.
0:16 of 2nd period - Deflect By Colton Sissons.
0:16 of 2nd period - Goal by Colton Sissons - WINNIPEG BEAVERS : 3 - KANSAS CITY KILLERBEES : 1.
0:17 of 2nd period - Travis Zajac wins face-off versus Artturi Lehkonen in neutral zone.
0:35 of 2nd period - Travis Zajac is hit by Cam Fowler and loses puck.
0:37 of 2nd period - Minor Penalty to Vladislav Gavrikov for Interference.
0:38 of 2nd period - Mika Zibanejad wins face-off versus Brian Boyle in KANSAS CITY KILLERBEES zone.
1:23 of 2nd period - Shot by David Krejci.
1:23 of 2nd period - Stopped by John Gibson without a rebound.
1:24 of 2nd period - Travis Zajac wins face-off versus Colton Sissons in KANSAS CITY KILLERBEES zone.
1:51 of 2nd period - Shot by Gustav Nyquist.
1:51 of 2nd period - Shot Misses the Net.
2:00 of 2nd period - Gustav Nyquist is hit by Jacob Muzzin and loses puck.
2:03 of 2nd period - Shot by Dylan DeMelo.
2:03 of 2nd period - Shot Misses the Net.
2:05 of 2nd period - Shot by Zach Bogosian.
2:05 of 2nd period - Shot Misses the Net.
3:01 of 2nd period - Minor Penalty to Mark Stone for Hooking.
3:02 of 2nd period - Mika Zibanejad wins face-off versus Colton Sissons in KANSAS CITY KILLERBEES zone.
4:53 of 2nd period - Shot by Reyley Smith.
4:53 of 2nd period - Stopped by John Gibson without a rebound.
4:54 of 2nd period - Travis Zajac wins face-off versus Brian Boyle in KANSAS CITY KILLERBEES zone.
5:07 of 2nd period - Shot by Mark Stone.
5:07 of 2nd period - Shot Misses the Net.
5:29 of 2nd period - Off-side.
5:30 of 2nd period - Travis Zajac wins face-off versus Tyler Ennis in neutral zone.
5:47 of 2nd period - Icing by Jared Spurgeon.
5:48 of 2nd period - Ryan Kesler wins face-off versus Reyley Smith in KANSAS CITY KILLERBEES zone.
5:50 of 2nd period - Brandon Tanev is hit by Ilya Kovalchuk and loses puck.
5:56 of 2nd period - Jared Spurgeon is hit by Dylan DeMelo and loses puck.
6:11 of 2nd period - Minor Penalty to Dylan DeMelo for Boarding.
6:12 of 2nd period - Sean Couturier wins face-off versus Travis Zajac in WINNIPEG BEAVERS zone.
6:17 of 2nd period - Shot by Mark Stone.
6:17 of 2nd period - Shot Misses the Net.
6:19 of 2nd period - Shot by Jared Spurgeon.
6:19 of 2nd period - Shot Misses the Net.
6:21 of 2nd period - Shot by Mark Stone.
6:21 of 2nd period - Deflect By Sean Couturier.
6:21 of 2nd period - Shot Misses the Net.
6:23 of 2nd period - Shot by Colin Miller.
6:23 of 2nd period - Shot Misses the Net.
6:47 of 2nd period - Shot by Mark Stone.
6:47 of 2nd period - Shot Misses the Net.
6:49 of 2nd period - Shot by Sean Couturier.
6:49 of 2nd period - Stopped by Sergei Bobrovsky without a rebound.
6:50 of 2nd period - Travis Zajac wins face-off versus Colton Sissons in WINNIPEG BEAVERS zone.
6:58 of 2nd period - Tyler Ennis is hit by Kris Russell and loses puck.
7:05 of 2nd period - Shot by Colton Sissons.
7:05 of 2nd period - Shot Blocked by Kris Russell.
7:07 of 2nd period - Shot by Cam Fowler.
7:07 of 2nd period - Stopped by Sergei Bobrovsky with a rebound.
7:11 of 2nd period - Shot by Andreas Athanasiou.
7:11 of 2nd period - Shot Misses the Net.
7:13 of 2nd period - Shot by Jacob Muzzin.
7:13 of 2nd period - Shot Blocked by Kris Russell.
7:15 of 2nd period - Shot by Jacob Muzzin.
7:15 of 2nd period - Goal by Jacob Muzzin - WINNIPEG BEAVERS : 3 - KANSAS CITY KILLERBEES : 2.
7:16 of 2nd period - Mika Zibanejad wins face-off versus Brian Boyle in neutral zone.
7:29 of 2nd period - Shot by Artturi Lehkonen.
7:29 of 2nd period - Stopped by Sergei Bobrovsky without a rebound.
7:30 of 2nd period - David Krejci wins face-off versus Colton Sissons in WINNIPEG BEAVERS zone.
7:51 of 2nd period - Shot by David Krejci.
7:51 of 2nd period - Stopped by John Gibson without a rebound.
7:52 of 2nd period - Mika Zibanejad wins face-off versus Zach Hyman in KANSAS CITY KILLERBEES zone.
8:06 of 2nd period - Icing by Jacob Muzzin.
8:07 of 2nd period - David Krejci wins face-off versus Brian Boyle in KANSAS CITY KILLERBEES zone.
8:20 of 2nd period - David Krejci is hit by Jacob Muzzin and loses puck.
8:22 of 2nd period - Minor Penalty to Jared Spurgeon for Hooking.
8:23 of 2nd period - Mika Zibanejad wins face-off versus Brian Boyle in KANSAS CITY KILLERBEES zone.
8:39 of 2nd period - Off-side.
8:40 of 2nd period - Travis Zajac wins face-off versus Brian Boyle in neutral zone.
8:55 of 2nd period - Shot by Zach Bogosian.
8:55 of 2nd period - Shot Misses the Net.
8:57 of 2nd period - Shot by Zach Bogosian.
8:57 of 2nd period - Stopped by John Gibson without a rebound.
8:58 of 2nd period - Brian Boyle wins face-off versus Mika Zibanejad in KANSAS CITY KILLERBEES zone.
9:04 of 2nd period - Icing by Reyley Smith.
9:05 of 2nd period - Brian Boyle wins face-off versus Mika Zibanejad in WINNIPEG BEAVERS zone.
9:06 of 2nd period - Shot by Cam Fowler.
9:06 of 2nd period - Shot Blocked by David Krejci.
9:41 of 2nd period - Shot by Reyley Smith.
9:41 of 2nd period - Shot Blocked by Artturi Lehkonen.
9:43 of 2nd period - Shot by Brad Marchand.
9:43 of 2nd period - Shot Blocked by Jacob Muzzin.
9:45 of 2nd period - Shot by Reyley Smith.
9:45 of 2nd period - Shot Blocked by Cam Fowler.
9:50 of 2nd period - Shot by David Krejci.
9:50 of 2nd period - Shot Misses the Net.
9:52 of 2nd period - Shot by David Krejci.
9:52 of 2nd period - Shot Misses the Net.
10:11 of 2nd period - Ilya Kovalchuk is hit by Colin Miller and loses puck.
10:22 of 2nd period - Shot by Ilya Kovalchuk.
10:22 of 2nd period - Shot Misses the Net.
10:34 of 2nd period - Matt Cullen is hit by Colin Miller and loses puck.
10:44 of 2nd period - Minor Penalty to Mark Pysyk for Hooking.
10:45 of 2nd period - Travis Zajac wins face-off versus Colton Sissons in KANSAS CITY KILLERBEES zone.
11:14 of 2nd period - Shot by Gustav Nyquist.
11:14 of 2nd period - Shot Blocked by Jared Spurgeon.
11:33 of 2nd period - Icing by David Krejci.
11:34 of 2nd period - Brian Boyle wins face-off versus Mika Zibanejad in WINNIPEG BEAVERS zone.
12:04 of 2nd period - Shot by David Krejci.
12:04 of 2nd period - Shot Blocked by Jacob Muzzin.
13:33 of 2nd period - Shot by Travis Zajac.
13:33 of 2nd period - Shot Misses the Net.
13:45 of 2nd period - Shot by David Backes.
13:45 of 2nd period - Shot Misses the Net.
13:47 of 2nd period - Shot by Travis Zajac.
13:47 of 2nd period - Shot Misses the Net.
13:49 of 2nd period - Shot by Troy Brouwer.
13:49 of 2nd period - Stopped by John Gibson without a rebound.
13:50 of 2nd period - Mika Zibanejad wins face-off versus Colton Sissons in KANSAS CITY KILLERBEES zone.
14:04 of 2nd period - Shot by Marcus Foligno.
14:04 of 2nd period - Shot Misses the Net.
14:06 of 2nd period - Shot by Marcus Foligno.
14:06 of 2nd period - Stopped by Sergei Bobrovsky without a rebound.
14:07 of 2nd period - Ryan Kesler wins face-off versus David Krejci in WINNIPEG BEAVERS zone.
14:47 of 2nd period - Off-side.
14:48 of 2nd period - Mika Zibanejad wins face-off versus Colton Sissons in neutral zone.
15:15 of 2nd period - Shot by Marcus Foligno.
15:15 of 2nd period - Stopped by Sergei Bobrovsky without a rebound.
15:16 of 2nd period - Brian Boyle wins face-off versus Travis Zajac in WINNIPEG BEAVERS zone.
15:16 of 2nd period - Artturi Lehkonen is hit by Dylan DeMelo and loses puck.
15:55 of 2nd period - Icing by Vladislav Gavrikov.
15:56 of 2nd period - Brian Boyle wins face-off versus Mika Zibanejad in KANSAS CITY KILLERBEES zone.
16:32 of 2nd period - Minor Penalty to Marcus Foligno for Hooking.
16:33 of 2nd period - Colton Sissons wins face-off versus Travis Zajac in KANSAS CITY KILLERBEES zone.
18:42 of 2nd period - Icing by Colin Miller.
18:43 of 2nd period - Travis Zajac wins face-off versus Colton Sissons in KANSAS CITY KILLERBEES zone.
18:45 of 2nd period - Minor Penalty to Troy Brouwer for Hooking.
18:46 of 2nd period - Colton Sissons wins face-off versus Travis Zajac in WINNIPEG BEAVERS zone.
18:53 of 2nd period - Shot by Tyler Ennis.
18:53 of 2nd period - Shot Misses the Net.
18:55 of 2nd period - Shot by Colin Miller.
18:55 of 2nd period - Shot Misses the Net.
18:57 of 2nd period - Shot by Colin Miller.
18:57 of 2nd period - Stopped by Sergei Bobrovsky without a rebound.
18:58 of 2nd period - Sean Couturier wins face-off versus Travis Zajac in WINNIPEG BEAVERS zone.
Goals for this period are 0 for WINNIPEG BEAVERS vs 2 for KANSAS CITY KILLERBEES.
Shots for this period are 5 for WINNIPEG BEAVERS vs 8 for KANSAS CITY KILLERBEES.

3rd period


0:01 of 3rd period - Travis Zajac wins face-off versus Sean Couturier in neutral zone.
0:28 of 3rd period - Shot by Sean Couturier.
0:28 of 3rd period - Stopped by Sergei Bobrovsky without a rebound.
0:29 of 3rd period - Travis Zajac wins face-off versus Colton Sissons in WINNIPEG BEAVERS zone.
0:29 of 3rd period - Ilya Kovalchuk is hit by Tyler Ennis and loses puck.
0:44 of 3rd period - Shot by Tyler Ennis.
0:44 of 3rd period - Stopped by Sergei Bobrovsky with a rebound.
1:28 of 3rd period - Brad Marchand is hit by Mark Pysyk and loses puck.
2:30 of 3rd period - Off-side.
2:31 of 3rd period - Sean Couturier wins face-off versus Travis Zajac in neutral zone.
2:36 of 3rd period - Minor Penalty to Sean Couturier for Holding.
2:37 of 3rd period - Travis Zajac wins face-off versus Brian Boyle in KANSAS CITY KILLERBEES zone.
2:55 of 3rd period - Shot by David Krejci.
2:55 of 3rd period - Shot Misses the Net.
2:57 of 3rd period - Shot by Mike Green.
2:57 of 3rd period - Stopped by John Gibson without a rebound.
2:58 of 3rd period - Mika Zibanejad wins face-off versus Colton Sissons in KANSAS CITY KILLERBEES zone.
3:24 of 3rd period - Icing by Reyley Smith.
3:25 of 3rd period - Brian Boyle wins face-off versus Mika Zibanejad in WINNIPEG BEAVERS zone.
4:29 of 3rd period - Shot by Ilya Kovalchuk.
4:29 of 3rd period - Stopped by John Gibson without a rebound.
4:30 of 3rd period - Brian Boyle wins face-off versus Travis Zajac in KANSAS CITY KILLERBEES zone.
5:30 of 3rd period - Icing by Matt Cullen.
5:31 of 3rd period - Matt Cullen wins face-off versus Colton Sissons in WINNIPEG BEAVERS zone.
6:42 of 3rd period - Off-side.
6:43 of 3rd period - David Krejci wins face-off versus Alexander DeBrincat in neutral zone.
7:03 of 3rd period - Off-side.
7:04 of 3rd period - Ilya Kovalchuk wins face-off versus Brian Boyle in neutral zone.
7:16 of 3rd period - Shot by Brian Boyle.
7:16 of 3rd period - Deflect By Artturi Lehkonen.
7:16 of 3rd period - Stopped by Sergei Bobrovsky without a rebound.
7:17 of 3rd period - Travis Zajac wins face-off versus Colton Sissons in WINNIPEG BEAVERS zone.
7:19 of 3rd period - Icing by Troy Brouwer.
7:20 of 3rd period - Colton Sissons wins face-off versus Troy Brouwer in WINNIPEG BEAVERS zone.
7:29 of 3rd period - Shot by Jacob Muzzin.
7:29 of 3rd period - Stopped by Sergei Bobrovsky without a rebound.
7:30 of 3rd period - David Krejci wins face-off versus Brian Boyle in WINNIPEG BEAVERS zone.
7:32 of 3rd period - Brad Marchand is hit by Artturi Lehkonen and loses puck.
8:08 of 3rd period - Shot by Jared Spurgeon.
8:08 of 3rd period - Stopped by Sergei Bobrovsky without a rebound.
8:09 of 3rd period - Mika Zibanejad wins face-off versus Colton Sissons in WINNIPEG BEAVERS zone.
9:27 of 3rd period - Justin Braun is hit by Mark Stone and loses puck.
9:55 of 3rd period - Shot by Alexander DeBrincat.
9:55 of 3rd period - Shot Blocked by Mike Green.
9:57 of 3rd period - Shot by Mark Stone.
9:57 of 3rd period - Stopped by Sergei Bobrovsky without a rebound.
9:58 of 3rd period - David Krejci wins face-off versus Brian Boyle in WINNIPEG BEAVERS zone.
10:37 of 3rd period - Shot by Artturi Lehkonen.
10:37 of 3rd period - Shot Blocked by Kris Russell.
10:41 of 3rd period - Shot by Zach Hyman.
10:41 of 3rd period - Shot Blocked by Zach Bogosian.
11:40 of 3rd period - Off-side.
11:41 of 3rd period - Travis Zajac wins face-off versus Colton Sissons in neutral zone.
11:55 of 3rd period - Travis Zajac is hit by Vladislav Gavrikov and loses puck.
12:00 of 3rd period - Shot by David Backes.
12:00 of 3rd period - Deflect By Travis Zajac.
12:00 of 3rd period - Shot Misses the Net.
12:02 of 3rd period - Shot by Travis Zajac.
12:02 of 3rd period - Stopped by John Gibson without a rebound.
12:03 of 3rd period - Brad Marchand wins face-off versus Brian Boyle in KANSAS CITY KILLERBEES zone.
12:40 of 3rd period - Shot by Brad Marchand.
12:40 of 3rd period - Shot Hit the Post.
12:42 of 3rd period - Shot by Gustav Nyquist.
12:42 of 3rd period - Shot Misses the Net.
12:44 of 3rd period - Shot by Kris Russell.
12:44 of 3rd period - Shot Misses the Net.
13:02 of 3rd period - Shot by David Backes.
13:02 of 3rd period - Shot Misses the Net.
13:43 of 3rd period - Icing by Mark Pysyk.
13:44 of 3rd period - Brian Boyle wins face-off versus Mika Zibanejad in KANSAS CITY KILLERBEES zone.
14:19 of 3rd period - Mika Zibanejad is hit by Marcus Foligno and loses puck.
14:30 of 3rd period - Shot by Reyley Smith.
14:30 of 3rd period - Shot Blocked by Jacob Muzzin.
14:41 of 3rd period - Icing by Jacob Muzzin.
14:42 of 3rd period - David Krejci wins face-off versus Andreas Athanasiou in KANSAS CITY KILLERBEES zone.
14:53 of 3rd period - Shot by Jared Spurgeon.
14:53 of 3rd period - Stopped by Sergei Bobrovsky without a rebound.
14:54 of 3rd period - Sean Couturier wins face-off versus Travis Zajac in WINNIPEG BEAVERS zone.
15:08 of 3rd period - David Backes is hit by Sean Couturier.
15:11 of 3rd period - Icing by Mark Stone.
15:12 of 3rd period - Sean Couturier wins face-off versus Gustav Nyquist in KANSAS CITY KILLERBEES zone.
15:32 of 3rd period - Shot by Mark Stone.
15:32 of 3rd period - Stopped by Sergei Bobrovsky without a rebound.
15:33 of 3rd period - Colton Sissons wins face-off versus Mika Zibanejad in WINNIPEG BEAVERS zone.
15:45 of 3rd period - Icing by Colton Sissons.
15:46 of 3rd period - Travis Zajac wins face-off versus Colton Sissons in KANSAS CITY KILLERBEES zone.
15:49 of 3rd period - Shot by Travis Zajac.
15:49 of 3rd period - Stopped by John Gibson without a rebound.
15:50 of 3rd period - Mika Zibanejad wins face-off versus Colton Sissons in KANSAS CITY KILLERBEES zone.
15:54 of 3rd period - Minor Penalty to Cam Fowler for Holding.
15:55 of 3rd period - Mika Zibanejad wins face-off versus Brian Boyle in KANSAS CITY KILLERBEES zone.
16:31 of 3rd period - Icing by Brad Marchand.
16:32 of 3rd period - Mika Zibanejad wins face-off versus Colton Sissons in WINNIPEG BEAVERS zone.
18:11 of 3rd period - Shot by Sean Couturier.
18:11 of 3rd period - Shot Misses the Net.
18:35 of 3rd period - Shot by Mark Stone.
18:35 of 3rd period - Stopped by Sergei Bobrovsky without a rebound.
18:36 of 3rd period - David Krejci wins face-off versus Colton Sissons in WINNIPEG BEAVERS zone.
18:53 of 3rd period - Shot by Brad Marchand.
18:53 of 3rd period - Stopped by John Gibson without a rebound.
18:54 of 3rd period - Travis Zajac wins face-off versus Ryan Kesler in KANSAS CITY KILLERBEES zone.
19:06 of 3rd period - Icing by Ryan Kesler.
19:07 of 3rd period - David Krejci wins face-off versus Ryan Kesler in KANSAS CITY KILLERBEES zone.
19:19 of 3rd period - Shot by Brad Marchand.
19:19 of 3rd period - Shot Misses the Net.
19:21 of 3rd period - Shot by Brad Marchand.
19:21 of 3rd period - Stopped by John Gibson without a rebound.
19:22 of 3rd period - David Krejci wins face-off versus Sean Couturier in KANSAS CITY KILLERBEES zone.
19:23 of 3rd period - Shot by Brad Marchand.
19:23 of 3rd period - Deflect By Reyley Smith.
19:23 of 3rd period - Stopped by John Gibson without a rebound.
19:24 of 3rd period - David Krejci wins face-off versus Mark Stone in KANSAS CITY KILLERBEES zone.
19:41 of 3rd period - KANSAS CITY KILLERBEES, John Gibson is pulled from the net.
19:45 of 3rd period - Shot by Sean Couturier.
19:45 of 3rd period - Shot Misses the Net.
19:47 of 3rd period - Shot by Sean Couturier.
19:47 of 3rd period - Shot Misses the Net.
19:49 of 3rd period - Shot by Sean Couturier.
19:49 of 3rd period - Deflect By Alexander DeBrincat.
19:49 of 3rd period - Shot Misses the Net.
19:51 of 3rd period - Shot by Jared Spurgeon.
19:51 of 3rd period - Stopped by Sergei Bobrovsky without a rebound.
19:52 of 3rd period - Sean Couturier wins face-off versus David Krejci in WINNIPEG BEAVERS zone.
19:59 of 3rd period - Shot by Alexander DeBrincat.
19:59 of 3rd period - Shot Blocked by Justin Braun.
Goals for this period are 0 for WINNIPEG BEAVERS vs 0 for KANSAS CITY KILLERBEES.
Shots for this period are 7 for WINNIPEG BEAVERS vs 10 for KANSAS CITY KILLERBEES.


RYAN
NUGENT-HOPKINS
THATCHER
DEMKO
MITCHELL
MARNER

EAST COAST

HOCKEY LEAGUE

  • 13.MAN3PIT5
  • 14.NHW2ATL3
  • 15.PET5WOR4
  • 16.RHI30
  • 17.QUECHI
  • 18.CHALIM
  • 19.TRVLON
  • 20.CHWBAL